 Dungeon Sprint DCSS version 0.28-a0-1339-ga5422284a4 (webtiles) character file.

Game seed: 18007181868849415537

20232 mhtbhm the Phalangite (level 13, -4/121 HPs)
             Began as a Human Berserker on Dec 26, 2021.
             Was the Champion of Trog.
             Slain by a white very ugly thing (48 damage)
             ... in the Dungeon (Sprint IX: "|||||||||||||||||||||||||||||") on Dec 28, 2021.
             The game lasted 00:06:51 (3624 turns).

mhtbhm the Phalangite (Human Berserker)             Turns: 3624, Time: 00:06:51

Health: -4/121     AC: 29    Str: 21    XL:     13   Next: 10%
Magic:  10/13      EV: 14    Int:  8    God:    Trog [******]
Gold:   1146       SH:  0    Dex: 14    Spells: 12/12 levels left

rFire   . . .      SeeInvis +   a - +2 glaive (flame)
rCold   . . .      Faith    .   (no shield)
rNeg    . . .      Spirit   .   b - +0 storm dragon scales
rPois   .          Reflect  .   t - +1 helmet {SInv}
rElec   +          Harm     .   j - +0 cloak
rCorr   .          Rampage  .   s - +2 pair of gloves {infuse}
Will    .....      NoTele   +   k - +0 pair of boots
Stlth   ..........              (no amulet)
HPRegen 0.30/turn               A - +4 ring of protection
MPRegen 0.13/turn               m - +2 ring of evasion

@: on berserk cooldown, slowed, very slow
A: no striking features
a: Renounce Religion, Berserk, Trog's Hand, Brothers in Arms


You were in the Dungeon.
You worshipped Trog.
Trog was exalted by your worship.
You visited 1 branch You collected 1928 gold pieces.
You spent 782 gold pieces at shops.

Inventory:

Hand Weapons
 a - a +2 glaive of flaming (weapon)
 u - a +2 antimagic demon trident
Armour
 b - +0 storm dragon scales (worn)
 j - a +0 cloak (worn)
 k - a +0 pair of boots (worn)
 s - a +2 pair of gloves of infusion (worn)
 t - a +1 helmet of see invisible (worn)
 B - a +1 tower shield
Jewellery
 m - a +2 ring of evasion (right hand)
 x - a ring of ice
 y - a ring of protection from fire
 z - a ring of protection from fire
 A - a +4 ring of protection (left hand)
Wands
 i - a wand of acid (10)
Scrolls
 h - 6 scrolls of blinking
 p - 11 scrolls of enchant armour
 q - 4 scrolls of identify
 v - a scroll of holy word
Potions
 c - a potion of invisibility
 d - 9 potions of heal wounds
 e - 8 potions of curing
 f - 4 potions of magic
 g - 2 potions of berserk rage
 l - a potion of brilliance
 n - 2 potions of haste
 o - 2 potions of mutation
 w - a potion of ambrosia


   Skills:
 + Level 17.5 Fighting
 + Level 22.1 Polearms
 + Level 13.1 Armour
 + Level 10.5 Dodging
 + Level 2.7 Stealth


You had 12 spell levels left.
You didn't know any spells.
Your spell library was empty.

Dungeon Overview and Level Annotations

Branches:
Dungeon (1/1)

Altars:
Cheibriados
Dithmenos
Elyvilon
Fedhas
Gozag
Hepliaklqana
Kikubaaqudgha
Makhleb
Nemelex Xobeh
Okawaru
Qazlal
Ru
Sif Muna
Trog
Uskayaw
Vehumet
Wu Jian
Xom
Yredelemnul
Zin
The Shining One
Beogh
Jiyva
Lugonu

Shops:
D (![


Message History

You are exhausted.
You feel yourself slow down.
You start resting.
You carefully extract the barbed spikes from your body.
You start resting.
A very ugly thing and a stone giant come into view.
The white very ugly thing gurgles horribly!
The fire dragon roars deafeningly!
The stone giant shouts!
You see here a boulder beetle corpse.
You barely miss the white very ugly thing.
The white very ugly thing closely misses you.
You hit the white very ugly thing. You burn the white very ugly thing.
The white very ugly thing is lightly wounded.
The white very ugly thing pecks you but does no damage.
A deep troll shaman comes into view.
You closely miss the white very ugly thing.
The white very ugly thing is lightly wounded.
The deep troll shaman shouts!
The white very ugly thing pecks you.
The white very ugly thing freezes you!!!
You barely miss the white very ugly thing.
The white very ugly thing is lightly wounded.
The white very ugly thing pecks you but does no damage.
You barely miss the white very ugly thing.
The rakshasa weaves an illusion.
The deep troll shaman shimmers and seems to become two!
The white very ugly thing pecks you but does no damage.
The deep troll shaman calls upon its god to speed up the deep troll shaman.
The deep troll shaman seems to speed up.
You slash the white very ugly thing! You burn the white very ugly thing.
The white very ugly thing is lightly wounded.
The deep troll shaman calls upon its god to strengthen the deep troll shaman.
The deep troll shaman seems to grow stronger.
The white very ugly thing misses you.
You chop the white very ugly thing into pieces!!!
You burn the white very ugly thing!!
The white very ugly thing is almost dead.
The white very ugly thing pecks you!
The white very ugly thing freezes you!!!
You die...

▓_▓.▓.▓.▓.▓.▓.▓
▓_▓.▓.▓.▓.▓.▓.▓
▓_▓.▓)▓.▓.▓.▓.▓
▓_▓.▓÷▓.▓.▓.▓.▓
▓_▓.▓÷▓.▓.▓.▓.▓
▓_▓.▓.▓.▓.▓.▓.▓
▓_▓.▓.▓.▓.▓.▓.▓
▓_▓.▓.▓.▓[▓.▓.▓
▓_▓.▓.▓.▓'▓.▓@▓
▓'▓.▓†▓.▓)▓.▓u▓
▓.▓.▓.▓.▓)▓.▓D▓
▓?▓.▓.▓.▓.▓.▓R▓
▓)▓.▓.▓.▓.▓.▓C▓
▓.▓.▓†▓.▓.▓.▓T▓
▓.▓.▓.▓.▓∩▓.▓T▓
▓[▓.▓.▓.▓.▓.▓.▓
▓.▓.▓.▓.▓∩▓.▓.▓


You could see a white very ugly thing, a fire dragon, a stone giant, a rakshasa
and 2 deep troll shamans.

Vanquished Creatures
  2 hydras (D)
  3 ogre magi (D)
  3 boulder beetles (D)
  A centaur warrior (D)
  Urug (D)
  An iron troll (D)
  5 deep trolls (D)
  4 lindwurms (D)
  3 deep elf pyromancers (D)
  2 orc knights (D)
  An oklob plant (D)
  A manticore (D)
  A black mamba (D)
  A gargoyle (D)
  A cane toad (D)
  A yaktaur (D)
  2 komodo dragons (D)
  A rime drake (D)
  A tengu conjurer (D)
  A wind drake (shapeshifter) (D)
  5 trolls (D)
  2 tyrant leeches (D)
  A blink frog (D)
  2 wraiths (D)
  4 yaks (D)
  A basilisk (D)
  4 water moccasins (D)
  10 orc warriors (D)
  A sky beast (D)
  2 necrophages (D)
  A wolf (D)
  A bullfrog (D)
  A killer bee (D)
  A hound (D)
  An orc priest (D)
  6 orc wizards (D)
  An adder zombie (D)
  2 worms (D)
  A dart slug (D)
  8 orcs (D)
  A hobgoblin (D)
  A jackal (D)
  A kobold (D)
  A frilled lizard (D)
95 creatures vanquished.

Notes
Turn   | Place    | Note
-------+----------+-------------------------------------------
     0 | D        | mhtbhm the Human Berserker began the quest for the Orb.
     0 | D        | Reached XP level 1. HP: 18/18 MP: 1/1
    16 | D        | Reached ** piety under Trog
    20 | D        | Reached XP level 2. HP: 16/25 MP: 2/2
   184 | D        | Noticed a necrophage
   184 | D        | Noticed a sky beast
   184 | D        | Noticed a water moccasin
   184 | D        | Noticed a necrophage
   191 | D        | Killed a necrophage
   192 | D        | Reached skill level 5 in Fighting
   192 | D        | Reached skill level 6 in Polearms
   192 | D        | Reached XP level 3. HP: 34/34 MP: 3/3
   192 | D        | Reached XP level 4. HP: 40/40 MP: 4/4
   200 | D        | Killed a sky beast
   200 | D        | Reached *** piety under Trog
   201 | D        | Reached skill level 8 in Polearms
   201 | D        | Reached XP level 5. HP: 48/48 MP: 5/5
   525 | D        | Killed a water moccasin
   526 | D        | Reached skill level 9 in Polearms
   526 | D        | Reached skill level 5 in Dodging
   526 | D        | Reached XP level 6. HP: 35/56 MP: 6/6
   532 | D        | Killed a necrophage
   533 | D        | Reached XP level 7. HP: 35/63 MP: 7/7
   713 | D        | Found a snail-covered altar of Cheibriados.
   713 | D        | Found a shadowy altar of Dithmenos.
   713 | D        | Found a white marble altar of Elyvilon.
   713 | D        | Found a blossoming altar of Fedhas.
   713 | D        | Found an opulent altar of Gozag.
   714 | D        | Found a hazy altar of Hepliaklqana.
   715 | D        | Found a viscous altar of Jiyva.
   724 | D        | Upgraded the game from 0.28-a0-1286-g6bde065e89 to
                  | 0.28-a0-1339-ga5422284a4
   728 | D        | Found an ancient bone altar of Kikubaaqudgha.
   729 | D        | Found a corrupted altar of Lugonu.
   730 | D        | Found a burning altar of Makhleb.
   731 | D        | Found a sparkling altar of Nemelex Xobeh.
   732 | D        | Found an iron altar of Okawaru.
   733 | D        | Found a stormy altar of Qazlal.
   734 | D        | Found a sacrificial altar of Ru.
   735 | D        | Found a shimmering blue altar of Sif Muna.
   736 | D        | Found a bloodstained altar of Trog.
   737 | D        | Found a hide-covered altar of Uskayaw.
   738 | D        | Found a radiant altar of Vehumet.
   739 | D        | Found an ornate altar of the Wu Jian Council.
   740 | D        | Found a shimmering altar of Xom.
   741 | D        | Found a basalt altar of Yredelemnul.
   742 | D        | Found a glowing silver altar of Zin.
   743 | D        | Found a glowing golden altar of the Shining One.
   796 | D        | Noticed a yak
   796 | D        | Noticed a wraith
   796 | D        | Noticed a gargoyle
   802 | D        | Killed a yak
   803 | D        | Reached skill level 10 in Polearms
   804 | D        | Reached **** piety under Trog
   816 | D        | Killed a wraith
   817 | D        | Reached skill level 10 in Fighting
   817 | D        | Reached skill level 11 in Polearms
   817 | D        | Reached XP level 8. HP: 72/72 MP: 8/8
   831 | D        | Killed a gargoyle
   832 | D        | Reached skill level 12 in Polearms
   834 | D        | Reached ***** piety under Trog
   931 | D        | Noticed a deep elf pyromancer
   931 | D        | Noticed a deep elf pyromancer
   931 | D        | Noticed a tengu conjurer
   931 | D        | Noticed a wraith
   931 | D        | Noticed a deep elf pyromancer
   931 | D        | Noticed a five-headed hydra
   938 | D        | Killed a deep elf pyromancer
   939 | D        | Reached skill level 5 in Armour
   939 | D        | Reached XP level 9. HP: 81/81 MP: 9/9
   947 | D        | Killed a deep elf pyromancer
   948 | D        | Reached skill level 13 in Polearms
   969 | D        | Killed a five-headed hydra
   970 | D        | Reached skill level 14 in Polearms
   970 | D        | Reached skill level 1 in Stealth
   985 | D        | Killed a deep elf pyromancer
   985 | D        | Received a gift from Trog
   986 | D        | Reached skill level 15 in Polearms
   986 | D        | Reached XP level 10. HP: 54/91 MP: 10/10
  1358 | D        | Noticed a komodo dragon
  1358 | D        | Noticed a cane toad
  1361 | D        | Killed a komodo dragon
  1361 | D        | Noticed a komodo dragon
  1365 | D        | Killed a cane toad
  1372 | D        | Received a gift from Trog
  1373 | D        | Reached skill level 16 in Polearms
  1377 | D        | Killed a komodo dragon
  1377 | D        | Reached ****** piety under Trog
  1384 | D        | Reached skill level 10 in Dodging
  1499 | D        | Noticed a boulder beetle
  1499 | D        | Noticed a black mamba
  1499 | D        | Noticed an oklob plant
  1499 | D        | Noticed a rime drake
  1500 | D        | Noticed a five-headed hydra
  1505 | D        | Killed a boulder beetle
  1506 | D        | Reached XP level 11. HP: 99/99 MP: 11/11
  1506 | D        | Received a gift from Trog
  1511 | D        | Reached skill level 17 in Polearms
  1727 | D        | Killed an oklob plant
  1736 | D        | Killed a two-headed hydra
  1740 | D        | Received a gift from Trog
  1741 | D        | Reached skill level 18 in Polearms
  1741 | D        | Reached skill level 10 in Armour
  1828 | D        | Noticed a lindwurm
  1828 | D        | Noticed a lindwurm
  1828 | D        | Noticed a lindwurm
  1828 | D        | Noticed a lindwurm
  1840 | D        | Killed a lindwurm
  2043 | D        | Killed a lindwurm
  2047 | D        | Killed a lindwurm
  2053 | D        | Killed a lindwurm
  2066 | D        | Reached skill level 19 in Polearms
  2239 | D        | Noticed Urug
  2252 | D        | Killed Urug
  2253 | D        | Reached skill level 15 in Fighting
  2404 | D        | Received a gift from Trog
  2427 | D        | Received a gift from Trog
  2571 | D        | Received a gift from Trog
  2574 | D        | Reached XP level 12. HP: 110/110 MP: 12/12
  2605 | D        | Received a gift from Trog
  2768 | D        | Found Etiman's Weapon Emporium.
  2768 | D        | Noticed an iron troll
  2768 | D        | Noticed an ogre mage
  2768 | D        | Noticed a deep troll
  2768 | D        | Noticed a deep troll
  2776 | D        | Noticed an ogre mage
  2777 | D        | Killed an iron troll
  2778 | D        | Reached skill level 20 in Polearms
  2784 | D        | Killed an ogre mage
  2787 | D        | Killed a deep troll
  2790 | D        | Killed a deep troll
  2790 | D        | Received a gift from Trog
  2793 | D        | Found Losinwy's Distillery.
  2796 | D        | Killed an ogre mage
  2939 | D        | Found Dab Ziom's Magic Scroll Emporium.
  2942 | D        | Found Wetemoa's Antique Armour Shoppe.
  2943 | D        | Noticed a deep troll
  2948 | D        | Noticed a deep troll
  2951 | D        | Killed a deep troll
  2952 | D        | Reached skill level 21 in Polearms
  2961 | D        | Received a gift from Trog
  2961 | D        | Noticed a deep troll
  2969 | D        | Killed a deep troll
  2973 | D        | Killed a deep troll
  3187 | D        | Bought a potion of mutation for 88 gold pieces
  3187 | D        | Bought a potion of curing for 33 gold pieces
  3187 | D        | Bought a potion of curing for 33 gold pieces
  3189 | D        | Bought a scroll of enchant armour for 75 gold pieces
  3189 | D        | Bought a scroll of identify for 20 gold pieces
  3189 | D        | Bought a scroll of identify for 20 gold pieces
  3189 | D        | Bought a scroll of holy word for 75 gold pieces
  3189 | D        | Bought a scroll of enchant armour for 75 gold pieces
  3189 | D        | Bought a scroll of enchant armour for 75 gold pieces
  3192 | D        | Bought a shiny helmet for 180 gold pieces
  3212 | D        | Bought a potion of ambrosia for 88 gold pieces
  3214 | D        | Bought a scroll of identify for 20 gold pieces
  3336 | D        | Found the +7 sceptre of Torment {pain, torment}
  3461 | D        | Noticed an ogre mage
  3461 | D        | Noticed a boulder beetle
  3461 | D        | Noticed a boulder beetle
  3465 | D        | Killed a boulder beetle
  3467 | D        | Noticed a centaur warrior
  3486 | D        | Killed an ogre mage
  3486 | D        | Received a gift from Trog
  3489 | D        | Noticed a fire dragon
  3491 | D        | Killed a centaur warrior
  3492 | D        | Reached XP level 13. HP: 120/120 MP: 0/13
  3579 | D        | Noticed a rakshasa
  3582 | D        | Killed a boulder beetle
  3583 | D        | Reached skill level 22 in Polearms
  3617 | D        | Noticed a white very ugly thing
  3617 | D        | Noticed a stone giant
  3624 | D        | Slain by a white very ugly thing

Illustrated notes

Levels and vault maps discovered:
D:        linesprint [early_d, line_temple, items_1, d_10, items_2, lair_1,
          lair_end, items_3, orc_1, orc_end, items_4, d_15, swamp_1, shoals_1,
          snake_1, spider_1, d_20, vaults_1, items_5, swamp_end, shoals_end,
          snake_end, spider_end, vaults_end, d_27, items_6, zot_1, zot_end,
          crypt_end, forest_end, elf_end, slime_end, tomb_end, abyss_end,
          pan_hell_end]

Skill      XL: |  1  2  3  4  5  6  7  8  9 10 11 12 13 |
---------------+----------------------------------------+-----
Fighting       | 5 7 8 10 11 12 13 15 17 | 17.5
Polearms       | 6 8 9 11 12 15 16 19 21 22 | 22.1
Armour         | 3 4 5 6 8 11 12 13 | 13.1
Dodging        | 3 4 5 7 8 9 10 | 10.5
Stealth        | 1 2 |  2.7

Action                   |  1- 3 |  4- 6 |  7- 9 | 10-12 | 13-15 || total
-------------------------+-------+-------+-------+-------+-------++-------
Melee: Spear             |    22 |    49 |    94 |     7 |       ||   172
       Glaive            |       |       |       |   238 |    15 ||   253
Invok: Berserk           |     2 |     1 |     2 |    10 |     1 ||    16
  Use: Potion            |       |     3 |     1 |       |       ||     4
       Scroll            |       |     1 |       |       |       ||     1
Armor: Animal skin       |     3 |     3 |       |       |       ||     6
       Chain mail        |       |       |    20 |    33 |       ||    53
       Storm dragon scal |       |       |       |     5 |     3 ||     8
Dodge: Dodged            |     7 |    23 |    14 |    59 |     4 ||   107

Table legend: (Time is in decaauts)
 A = Elapsed time spent in this place.
 B = Non-inter-level travel time spent in this place.
 C = Inter-level travel time spent in this place.
 D = Time resting spent in this place.
 E = Time spent auto-exploring this place.
 F = Levels seen in this place.
 G = Mean time per level.
                   A        B        C        D        E       F      G
               +--------+--------+--------+--------+--------+-----+--------+
         Total |   3578 |   3578 |      0 |   2347 |    376 |   1 | 3578.0 |
       Dungeon |   3578 |   3578 |      0 |   2347 |    376 |   1 | 3578.0 |
               +--------+--------+--------+--------+--------+-----+--------+

Top non-repeatable levels by time:
       D: 3578 daAuts
